Cogmind - Beta 15 @@@ ROGUE MODE // 2025.08.03 @ 02:29:46 Player: Skysub Result: Heading to fleet! Performance ------------- Evolutions (9) 4500 Regions Visited (25) 5000 Robots Destroyed (213) 1065 Value Destroyed (10034) 10034 Prototype IDs (94) 1880 Alien Tech Used (14) 2800 Bonus (49059) 49059 TOTAL SCORE: 74338 Bonus ------- Triggered High Security 500 Triggered Max Security 2000 High Alert Combat Kills 5340 Follower Combat Kills 3606 Network Hubs Disabled 400 Registered with UFD 300 Met Optimus in HQ 500 Met Imprinter 300 Met Zhirov 300 Built Enhanced Grunts 300 A7 Reached Mainframe 300 Met R17 at Cetus 500 Read Decrypted Archives 300 Found Hidden Lab 3000 Used Core Reset Matrix 3000 Met R17 at Research 2000 Scanned by Researcher 500 Integrated Exoskeleton 5000 Met MAIN.C 5000 Destroyed MAIN.C Shell 5000 Destroyed MAIN.C 10000 Win 3000 Friendly Fire -2087 Cogmind --------- Core Integrity 425/1850 Matter 300/300 Energy 292/340 System Corruption 0% +Membrane Temperature Cool (0) Movement Walking (90) Ox1 Location To Fleet Rendezvous Parts ------- > --- POWER (1) -------- Zero-point Reactor > --- PROPULSION (3) --- Sigix Exoskeleton > --- UTILITY (3) ------ Experimental Core Analyzer Advanced Focal Shield AEGIS Remote Shield > --- WEAPON (4) ------- Sigix Sheargun Sigix Sheargun Sigix Sheargun Sigix Sheargun > --- INVENTORY (7) ---- Advanced Phase Shifter Graphene Brace Core Regenerator Subatomic Replicator Peak State ------------ > --- POWER ------------ Matter Drive > --- PROPULSION ------- Sigix Exoskeleton > --- UTILITY ---------- Large Storage Unit Experimental Core Analyzer AEGIS Remote Shield > --- WEAPON ----------- Sigix Sheargun Sigix Sheargun Sigix Sheargun Experimental Stasis Projector > --- INVENTORY -------- Micro Antimatter Reactor Advanced Power Amplifier Experimental Target Analyzer Improved Armor Integrity Analyzer Advanced Reaction Control System Advanced Phase Shifter Graphene Brace Advanced Focal Shield Transdimensional Reconstructor Core Regenerator Subatomic Replicator Terrabomb Terrabomb Spacefold Activator Sigix Sheargun Containment Facilitator Improved Plasma Cutter [Rating: 257] Favorites ----------- Power Micro Antimatter Reactor Engine Makeshift Power Source Power Core Light Nuclear Core Reactor Micro Antimatter Reactor Propulsion Electron Diverter Treads Light Treads Leg Sigix Exoskeleton Wheel Wheel Flight Unit Electron Diverter Utility Large Storage Unit Device Structural Scanner Storage Large Storage Unit Processor Expert System Hackware Advanced Hacking Suite Protection Propulsion Shielding Weapon Assault Rifle Energy Gun Sigix Sheargun Energy Cannon Warp Cannon Ballistic Gun Assault Rifle Launcher Rocket Launcher Special Weapon Plasma Cutter Impact Weapon Shock Maul Slashing Weapon Ripper Piercing Weapon Plasma Lance Special Melee Weapon Datajack Build | -11 -10 -10 -9 -9 -6 -6 -6 -5 -5 -5 -5 -5 -5 -4 -4 -4 -4 -4 -3 -3 -2 -2 -2 -1 -1 ------- Run | Yrd Mat Sub Rec Scr Fac Low Zio Pro Fac Ext Cet Arc Hub Fac Was Fac Arm Lab Res Qua Res Tes Sec Acc Com Slots Evolved 18 | . . . . . 8 . . . 2 . . . . 2 . . . . 2 . 2 . . 2 . Power 1 | . . . . . 1 . . . . . . . . . . . . . . . . . . . . Propulsion 5 | . . . . . 3 . . . 1 . . . . 1 . . . . . . . . . . . Utility 10 | . . . . . 4 . . . 1 . . . . 1 . . . . 2 . 2 . . . . Weapon 2 | . . . . . . . . . . . . . . . . . . . . . . . . 2 . Parts Attached 210 | 7 3 11 3 17 15 1 3 4 6 10 . . 3 1 1 7 9 1 14 . 22 20 11 21 20 Power 31 | 1 . 2 . 3 3 . 1 1 . 1 . . 1 1 . . 1 . 3 . 2 3 . 2 6 Engine 11 | 1 . 2 . 3 1 . 1 1 . 1 . . . 1 . . . . . . . . . . . Core 3 | . . . . . 1 . . . . . . . . . . . 1 . . . . 1 . . . Reactor 17 | . . . . . 1 . . . . . . . 1 . . . . . 3 . 2 2 . 2 6 Propulsion 32 | 2 1 3 1 4 1 . 1 . 3 . . . . . . . 4 . 3 . 6 3 . . . Treads 4 | 2 . 1 . 1 . . . . . . . . . . . . . . . . . . . . . Leg . | . . . . . . . . . . . . . . . . . . . . . . . . . . Wheel 5 | . 1 2 1 1 . . . . . . . . . . . . . . . . . . . . . Hover . | . . . . . . . . . . . . . . . . . . . . . . . . . . Flight 23 | . . . . 2 1 . 1 . 3 . . . . . . . 4 . 3 . 6 3 . . . Utility 109 | 2 2 2 1 5 10 1 1 2 3 3 . . 1 . 1 7 3 1 3 . 13 10 10 17 11 Device 61 | 1 . 1 . 2 4 . . 2 1 1 . . 1 . 1 7 2 . 2 . 9 6 5 11 5 Storage 3 | 1 1 . . 1 . . . . . . . . . . . . . . . . . . . . . Processor 26 | . . . . . 5 1 . . . . . . . . . . 1 . 1 . 2 2 4 6 4 Hackware 9 | . . . . . 1 . 1 . 2 . . . . . . . . 1 . . 2 . . . 2 Protection 10 | . 1 1 1 2 . . . . . 2 . . . . . . . . . . . 2 1 . . Artifact . | . . . . . . . . . . . . . . . . . . . . . . . . . . Weapon 38 | 2 . 4 1 5 1 . . 1 . 6 . . 1 . . . 1 . 5 . 1 4 1 2 3 Energy Gun 6 | . . . . . . . . . . . . . 1 . . . . . . . . 1 1 2 1 Energy Cannon 2 | . . . . . . . . . . . . . . . . . . . 1 . . 1 . . . Ballistic Gun 8 | 2 . 3 . 3 . . . . . . . . . . . . . . . . . . . . . Ballistic Cannon . | . . . . . . . . . . . . . . . . . . . . . . . . . . Launcher 5 | . . . . 1 . . . . . 2 . . . . . . . . . . 1 . . . 1 Special Weapon 5 | . . 1 . . 1 . . . . 2 . . . . . . . . . . . . . . 1 Impact Weapon 1 | . . . . . . . . . . . . . . . . . 1 . . . . . . . . Slashing Weapon 6 | . . . . 1 . . . . . 2 . . . . . . . . 1 . . 2 . . . Piercing Weapon 4 | . . . . . . . . 1 . . . . . . . . . . 3 . . . . . . Special Melee Weapon 1 | . . . 1 . . . . . . . . . . . . . . . . . . . . . . Unidentified Prototypes 22 | . . . . . 2 . . . . . . . . . . . . 2 . 1 . 8 2 3 4 Corrupted Parts 3 | . . . . . . . . . . . . . 2 . . . 1 . . . . . . . . System Corruption 11 | . . . . . . . . . . . . . 3 . . . 8 . . . . . . . . Parts Lost 30 | . 1 7 . . 2 . . . . 4 1 . 1 . . . 2 . . 3 4 2 3 . . Power 5 | . . . . . 1 . . . . 2 . . . . . . 1 . . . 1 . . . . Propulsion 4 | . . 2 . . . . . . . . . . . . . . . . . 1 1 . . . . Utility 15 | . 1 2 . . 1 . . . . 1 1 . . . . . . . . 2 2 2 3 . . Weapon 6 | . . 3 . . . . . . . 1 . . 1 . . . 1 . . . . . . . . Highest Loss Streak 4 | . 1 3 . . 1 . . . . 2 1 . 1 . . . 1 . . 3 4 1 2 . . To Critical Strikes . | . . . . . . . . . . . . . . . . . . . . . . . . . . Average Backups 12 | 3 12 16 16 6 11 12 12 11 11 11 8 13 13 12 12 13 13 13 14 14 13 14 14 16 14 Power . | . 1 1 2 . . 1 1 . . . . 1 2 2 2 . . . . . . . . . . Propulsion 1 | 1 3 4 3 . . . . 1 . 1 . 1 1 . . . 1 . . 1 1 2 . . . Utility 5 | . 4 6 5 2 4 5 6 6 6 6 4 7 8 8 8 10 10 9 8 9 6 6 5 6 7 Weapon 2 | . 3 4 5 1 4 6 3 2 2 2 1 2 1 1 1 1 1 1 2 1 2 2 1 2 . Tool/Special . | . . . . . . . . . . . . . . . . . . . . . . . . . . Unused Backups 81 | . . . 5 21 3 1 3 1 . 2 20 . . . . 4 6 2 1 . . 1 2 1 8 Power 10 | . . . . 2 . . 1 . . . 6 . . . . . . . 1 . . . . . . Propulsion 9 | . . . 1 1 . . . . . . 3 . . . . . 1 1 . . . 1 1 . . Utility 37 | . . . . 13 1 . . 1 . 2 7 . . . . 4 4 1 . . . . . . 4 Weapon 17 | . . . 4 4 1 1 2 . . . 4 . . . . . 1 . . . . . . . . Tool/Special 8 | . . . . 1 1 . . . . . . . . . . . . . . . . . 1 1 4 Average Slot Usage (%) 79 | . 99 98 95 63 48 66 70 70 81 81 76 78 77 77 78 83 82 78 82 86 88 96 92 64 76 Engine 5 | . 14 14 14 4 3 . 4 5 10 9 5 5 4 4 4 4 3 . . . . . . . . Reactor 2 | . . . . . . . . . . . . . . . . 3 4 4 5 8 7 8 8 9 8 Treads 7 | . 16 14 14 18 . . . . . . . . . . . . . . . . . . . . . Wheel 3 | . 11 13 14 3 . . . . . . . . . . . . . . . . . . . . . Flight 9 | . . . . 3 10 11 11 11 14 15 15 15 15 18 18 18 15 13 13 15 23 30 25 . . Device 8 | . 7 2 . . 5 11 11 11 14 9 7 9 10 9 12 15 18 16 20 19 24 17 19 13 7 Storage 8 | . 14 14 14 12 5 5 5 5 5 5 5 5 5 4 4 4 4 4 4 4 4 4 5 9 7 Processor 9 | . . . . . 7 22 22 22 20 20 20 20 20 18 18 18 18 18 19 20 14 15 14 4 9 Hackware 3 | . . . . . . 5 5 5 7 10 10 10 10 9 9 9 9 6 8 8 6 7 3 . 2 Protection 3 | . 6 10 9 5 3 . . . . 3 5 5 5 4 4 1 . . . . . 2 3 . . Energy Gun 2 | . . . . . . . . . . . . . 1 . . . . . . . . . 3 19 30 Ballistic Gun 7 | . 28 22 22 9 . . . . . . . . . . . . . . . . . . . . . Slashing Weapon 2 | . . . . 1 4 . 3 5 5 2 9 9 5 9 6 6 7 4 1 . . . . . . Piercing Weapon 1 | . . . . . . . . . 5 2 . . . . . . . . 3 8 5 7 5 . . Peak Build Rating 257 | 7 8 15 15 28 87 89 95 102 122 125 125 119 122 128 132 143 157 162 189 191 180 191 227 247 257 Average Rating 93 | 5 7 12 14 11 66 87 93 94 114 119 118 118 117 125 127 136 149 151 179 188 156 180 184 228 243 On Entrance 110 | . 7 8 13 15 28 87 88 95 102 122 125 113 119 120 125 126 142 156 162 187 120 177 183 215 230 Naked Turns 51 | . . . . 51 . . . . . . . . . . . . . . . . . . . . . Heaviest Build 78 | 15 52 52 54 53 53 29 29 33 39 40 38 38 38 43 46 46 46 46 58 48 51 54 51 62 78 Greatest Support 64 | 40 40 20 20 50 29 29 32 41 41 38 38 38 38 46 46 46 47 47 63 48 64 54 60 60 60 Greatest Overweight (x) 5 | . 5 5 2 3 3 . . 1 2 1 . . 2 . . . 1 . 1 . 1 . 2 1 1 Average Overweight (x) . | . 3 3 2 . . . . . . . . . . . . . . . . . . . . . . Largest Inventory Capacity 20 | 8 20 20 20 20 20 15 15 15 15 15 15 15 15 15 15 15 15 15 15 15 15 15 17 17 17 Average Capacity 16 | 7 17 20 20 17 15 15 15 15 15 15 15 15 15 15 15 15 15 15 15 15 15 15 15 17 15 Most Carried 20 | 5 15 20 20 20 20 15 15 15 15 15 15 15 15 13 14 15 15 15 15 15 14 15 17 17 17 Average Carried 13 | 3 12 18 19 7 14 14 14 14 14 14 10 14 14 12 13 14 14 13 14 14 13 14 14 16 14 Final Capacity 20 | 8 20 20 20 20 15 15 15 15 15 15 15 15 15 15 15 15 15 15 15 15 15 15 17 17 7 Final Carried 20 | 5 15 20 20 20 15 14 15 14 15 15 14 15 14 13 14 15 15 15 15 15 14 14 17 17 4 Class Distribution -------------------- 44% | Mutant 14% | Hacker-Ninja 10% | Alien-Sigix 4% | Commander-Gladiator 3% | Hacker-Scout 3% | Alien-Ninja 3% | Scout 3% | Hacker-Mutant Dominant Class ---------------- Mutant | -10/Materials Mutant | -10/Subcaves Mutant | -9/Recycling Mutant | -9/Scraptown Mutant | -6/Factory Scout | -6/Lower Caves Derelict-Scout | -6/Zion Derelict-Mutant | -5/Proximity Caves Derelict-Ninja | -5/Factory Hacker-Mutant | -5/Extension Commander-Gladiator | -5/Cetus Commander-Gladiator | -5/Archives Hacker-Mutant | -5/Hub_04(d) Hacker-Gladiator | -4/Factory Hacker-Mutant | -4/Waste Hacker-Scout | -4/Factory Hacker-Ninja | -4/Armory Scout | -4/Lab Hacker-Ninja | -3/Research Hacker-Ninja | -3/Quarantine Hacker-Ninja | -2/Research Hacker-Ninja | -2/Testing Alien-Ninja | -2/Section 7 Alien-Sigix | -1/Access Alien-Sigix | -1/Command Resources | -11 -10 -10 -9 -9 -6 -6 -6 -5 -5 -5 -5 -5 -5 -4 -4 -4 -4 -4 -3 -3 -2 -2 -2 -1 -1 ----------- Run | Yrd Mat Sub Rec Scr Fac Low Zio Pro Fac Ext Cet Arc Hub Fac Was Fac Arm Lab Res Qua Res Tes Sec Acc Com Matter Collected 4755 | 321 622 443 16 271 170 60 40 80 29 904 10 20 92 . . 169 53 . 294 . 102 153 472 193 241 Remotely . | . . . . . . . . . . . . . . . . . . . . . . . . . . Salvage Created 12014 | 150 585 412 . . 151 . . 42 29 1774 . 142 233 . . 314 145 . 913 . 125 211 447 808 5533 Parts 561 | 14 49 22 . . 19 . . 2 2 55 . 10 18 . . 7 7 . 39 . 5 22 30 35 225 Haulers Intercepted 13 | . 2 . . . . . . . . . . . . . . 1 . . 6 . 1 . . 3 . Recyclers Shooed 6 | 1 . . . . . . . . . 4 . . . . . . . . . . . . . . 1 Parts Field Recycled . | . . . . . . . . . . . . . . . . . . . . . . . . . . Retrieved Matter . | . . . . . . . . . . . . . . . . . . . . . . . . . . Parts Self-Destructed 18 | . . 16 . . . . . 2 . . . . . . . . . . . . . . . . . Prevented . | . . . . . . . . . . . . . . . . . . . . . . . . . . Kills | -11 -10 -10 -9 -9 -6 -6 -6 -5 -5 -5 -5 -5 -5 -4 -4 -4 -4 -4 -3 -3 -2 -2 -2 -1 -1 ------- Run | Yrd Mat Sub Rec Scr Fac Low Zio Pro Fac Ext Cet Arc Hub Fac Was Fac Arm Lab Res Qua Res Tes Sec Acc Com Combat Hostiles Destroyed 139 | . 12 10 . . 4 . . 3 . 27 . . 4 . . 1 4 . 7 . . 2 5 4 56 Melee 27 | . . . . . 4 . . 3 . 11 . . . . . 1 2 . . . . 2 4 . . Guns 84 | . 12 10 . . . . . . . . . . 1 . . . . . . . . . 1 4 56 Cannons 7 | . . . . . . . . . . . . . . . . . . . 7 . . . . . . AOE 19 | . . . . . . . . . . 16 . . 3 . . . . . . . . . . . . Classes Destroyed 25 | 2 5 2 . . 1 . . 1 . 6 . . . . . . . . . . . 1 1 1 5 Worker 11 | . 2 . . . 1 . . . . . . . 2 . . . . . . . . . . 2 4 Builder 10 | . . . . . 3 . . . . 2 . . 2 . . . . . . . . 2 1 . . Tunneler 7 | 4 1 . . . . . . . . 1 . . . . . 1 . . . . . . . . . Hauler 13 | . 2 . . . . . . . . . . . . . . 1 . . 6 . 1 . . 3 . Recycler 7 | 1 . . . . . . . . . 5 . . . . . 1 . . . . . . . . . Mechanic 2 | . . . . . . . . . . . . . . . . . . . . . . . . 1 1 Operator 5 | . . . . . . . . . . 1 . . . . . . 1 . . . . . 2 . 1 Drone 2 | . . . . . . . . 2 . . . . . . . . . . . . . . . . . Turret 2 | . . 2 . . . . . . . . . . . . . . . . . . . . . . . Watcher 15 | . 2 . . . . . . . 1 1 . . . . . . . . 2 . 1 1 1 3 3 Swarmer 38 | . 5 3 . . 4 . . 1 . . . . 2 . . 1 3 . 7 . . . . . 12 Saboteur 1 | . . . . . . . . . . 1 . . . . . . . . . . . . . . . Grunt 45 | . 7 2 . . . . . . . 14 . . 2 . . . 1 . . . . . . . 19 Brawler 6 | . . . . . . . . . . 3 . . . . . . . . . . . . . . 3 Duelist 8 | . . . . . . . . . . 5 . . . . . . . . . . . . . . 3 Protector 3 | . . . . . . . . . . . . . . . . . . . . . . . . . 3 Sentry 2 | . . . . . . . . . . 1 . . . . . . . . . . . . 1 . . Specialist 1 | . . . . . . . . . . . . . . . . . . . . . . . 1 . . Hunter 5 | . . . . . . . . . . 2 . . . . . . . . . . . . . 1 2 Programmer 13 | . . . . . . . . . . . . . . . . . . . . . . 2 3 3 5 Behemoth 1 | . . . . . . . . . . . . . . . . . . . . . . . . . 1 M Guard 2 | . . . . . . . . . . . . . . . . . . . . . . . . . 2 M Shell/Def 1 | . . . . . . . . . . . . . . . . . . . . . . . . . 1 Combat Programmer 1 | . . . . . . . . . . . . . . . . . . . . . . . . . 1 Investigator 1 | . . . . . . . . . . . . . . . . . . . . . . . . . 1 Striker 2 | . . . . . . . . . . . . . . . . . . . . . . . . . 2 Subdweller 5 | . . 5 . . . . . . . . . . . . . . . . . . . . . . . Assembled 3 | . . . . . . . . . . . . . . . . . . . . . . . . . 3 Butcher 1 | . . . . . . . . . . 1 . . . . . . . . . . . . . . . Best Kill Streak 13 | 5 3 3 . . 3 . . 1 1 9 . . 5 . . 1 3 . 4 . 2 3 4 3 13 Combat Bots Only 11 | . 3 3 . . 3 . . 1 . 9 . . 3 . . 1 3 . 4 . . 2 3 3 11 Max Kills in Single Turn 5 | 1 2 1 . . 1 . . 1 1 4 . 1 5 . . 1 1 . 1 . 1 1 1 1 3 Gunslinging 2 | . 1 . . . . . . . . . . . . . . . . . . . . . . . 2 Exploded 4 | . . . . . . . . . . 4 . . 3 . . . . . . . . . . . . Melee 1 | . . . . . 1 . . 1 . 1 . . . . . 1 1 . . . . 1 1 . . Uniques/NPCs Destroyed 3 | . . . . . . . . . . . . 1 . . . . . . . . . . . . 2 A7 (-5/Archives) MAIN.C Shell (-1/Command) MAIN.C (-1/Command) Combat | -11 -10 -10 -9 -9 -6 -6 -6 -5 -5 -5 -5 -5 -5 -4 -4 -4 -4 -4 -3 -3 -2 -2 -2 -1 -1 -------- Run | Yrd Mat Sub Rec Scr Fac Low Zio Pro Fac Ext Cet Arc Hub Fac Was Fac Arm Lab Res Qua Res Tes Sec Acc Com Hostile Shots Fired 1329 | . 59 106 . . 51 . . 18 9 106 4 . 9 . 1 35 52 . 2 44 32 25 156 62 558 Missed 518 | . 17 42 . . 24 . . 13 2 53 3 . 5 . . 18 29 . 1 17 20 8 92 36 138 Hits 811 | . 42 64 . . 27 . . 5 7 53 1 . 4 . 1 17 23 . 1 27 12 17 64 26 420 Melee 15 | . . . . . . . . . 1 1 . . . . 1 . 1 . . . . . . . 11 Projectile 796 | . 42 64 . . 27 . . 5 6 52 1 . 4 . . 17 22 . 1 27 12 17 64 26 409 Critical Strikes 40 | . 1 . . . . . . . . 4 1 . 1 . . 1 . . . 2 . . 5 . 25 Actively Blocked 18 | . . . . . . . . . . . . . . . . . . . . . . . 4 . 14 Part Disruptions 2 | . . . . . . . . . . . . . . . . . . . . . . . 1 . 1 Damage Taken 10898 | . 455 734 . . 282 . . 96 176 1089 55 . 177 . 34 356 392 . 177 571 262 389 940 143 4570 Core 2452 | . 82 162 . . 29 . . . . 144 . . 49 . 34 63 . . . 145 95 . 224 42 1383 Absorbed by Shields 3274 | . . . . . . . . . . 9 . . . . . 6 . . . . . . . 112 3147 Redirected to Shielding 200 | . . 50 . . 40 . . . . . . . . . . . . . . . . 44 66 . . Ignored by Resistances 8547 | . . . . . . . . . . . . . . . . . . . . . . . 365 268 7914 Core Remaining (%) 69 | 100 . . . 2 . . . 96 . . . . 80 . . . . 100 . 88 . . 68 . 22 Volleys Fired 413 | 9 57 69 . . . . . . . 43 . . 10 . . . . . 10 1 . . 24 47 143 Largest 4 | 2 2 2 . . . . . . . 2 . . 1 . . . . . 1 1 . . 2 2 4 Hottest 400 | 40 40 100 . . . . . . . 66 . . 80 . . . . . 100 100 . . 200 200 400 Shots Fired 913 | 18 113 112 . . . . . . . 59 . . 10 . . . . . 10 1 . . 26 75 489 Gun 796 | 18 113 86 . . . . . . . . . . 8 . . . . . . . . . 10 75 486 Cannon 27 | . . . . . . . . . . . . . . . . . . . 10 1 . . 16 . . Launcher 38 | . . . . . . . . . . 35 . . 2 . . . . . . . . . . . 1 Special 52 | . . 26 . . . . . . . 24 . . . . . . . . . . . . . . 2 Kinetic 217 | 18 113 86 . . . . . . . . . . . . . . . . . . . . . . . Thermal 61 | . . 26 . . . . . . . . . . 8 . . . . . 10 1 . . 16 . . Explosive 37 | . . . . . . . . . . 35 . . 2 . . . . . . . . . . . . Electromagnetic . | . . . . . . . . . . . . . . . . . . . . . . . . . . Slashing 571 | . . . . . . . . . . . . . . . . . . . . . . . 10 75 486 Robot Hit Streak 28 | 13 7 14 . . . . . . . 16 . . 15 . . . . . 18 . . . 22 7 28 Robot Miss Streak 5 | 2 4 3 . . . . . . . 3 . . . . . . . . . . . . 1 4 5 Penetration Max 1 | . . . . . . . . . . . . . . . . . . . . . . . 1 1 1 Secondary Targets 27 | . 1 . . . . . . . . . . . . . . . . . . . . . . . 26 Max Gunslinging Chain 2 | . 1 . . . . . . . . . . . . . . . . . . . . . . . 2 Shots Hit Robots 704 | 14 73 64 3 . 21 . . 5 1 88 1 4 8 . . 9 10 . 20 . 3 11 21 24 324 Core Hits 408 | 6 27 23 . . 9 . . 1 1 92 1 2 25 . . 3 3 . 15 . 2 5 8 14 171 Critical Kills . | . . . . . . . . . . . . . . . . . . . . . . . . . . Critical Parts Destroyed 1 | . . 1 . . . . . . . . . . . . . . . . . . . . . . . Critical Strikes 20 | . . 1 . . 2 . . . . 4 . . . . . 1 1 . 1 . . 2 . . 8 Destroy 1 | . . 1 . . . . . . . . . . . . . . . . . . . . . . . Sever 14 | . . . . . 2 . . . . 1 . . . . . 1 1 . 1 . . . . . 8 Impale 5 | . . . . . . . . . . 3 . . . . . . . . . . . 2 . . . Melee Attacks 325 | . . . 3 . 32 . . 8 14 55 1 6 3 2 . 26 15 5 40 2 18 32 63 . . Impact 8 | . . . . . . . . . . . . . . . . . 8 . . . . . . . . Slashing 130 | . . . . . 32 . . 8 12 18 1 6 3 2 . 26 7 5 10 . . . . . . Piercing 184 | . . . . . . . . . 2 37 . . . . . . . . 30 2 18 32 63 . . Sneak Attacks 37 | . . . 3 . 8 . . 1 . 6 1 1 . . . 3 . . 6 . 1 3 4 . . Combat Hostiles 3 | . . . . . . . . 1 . . . . . . . . . . . . . . 2 . . Follow-up Attacks 17 | . . . . . . . . . . 7 . . . . . 2 3 . 2 . . 2 1 . . Damage Inflicted 44642 | 169 929 859 . . 958 . . 204 39 5118 72 450 1522 . . 507 539 . 1616 2 207 803 1660 2454 26534 Guns 31032 | 169 929 859 . . . . . . . . . . 187 . . . . . . . . . 267 2094 26527 Cannons 499 | . . . . . . . . . . . . . . . . . . . 455 . . . 44 . . Explosions 4505 | . . . . . . . . . . 3014 . . 1335 . . . . . . . . . . 156 . Melee 8362 | . . . . . 958 . . 204 39 2104 72 450 . . . 507 539 . 1161 . 207 803 1318 . . Ramming 244 | . . . . . . . . . . . . . . . . . . . . 2 . . 31 204 7 Kinetic 1957 | 169 929 859 . . . . . . . . . . . . . . . . . . . . . . . Thermal 769 | . . . . . . . . . . . . . 187 . . . . . 455 . . . 44 83 . Explosive 3668 | . . . . . . . . . . 3014 . . 581 . . . . . . . . . . 73 . Electromagnetic 754 | . . . . . . . . . . . . . 754 . . . . . . . . . . . . Impact 319 | . . . . . . . . . . . . . . . . . 319 . . . . . . . . Slashing 32451 | . . . . . 958 . . 204 . 706 72 450 . . . 507 220 . 446 . . . 267 2094 26527 Piercing 4480 | . . . . . . . . . 39 1398 . . . . . . . . 715 . 207 803 1318 . . Highest Corruption 10 | . 4 4 6 . . . . . . . . . 4 . 6 6 10 10 . . 1 4 4 . . Average Corruption 3 | . 3 4 5 . . . . . . . . . 3 . 6 2 1 10 . . 1 2 4 . . Corruption Purged 5 | . . . . . . . . . . . . . . . . 5 . . . . . . . . . Corruption Blocked . | . . . . . . . . . . . . . . . . . . . . . . . . . . Effects 137 | . 13 30 33 . . . . . . . . . 2 . 1 5 6 9 . . 1 7 30 . . Message Errors 36 | . 1 11 10 . . . . . . . . . . . 1 . 2 1 . . . . 10 . . Matter Fused 35 | . 5 7 6 . . . . . . . . . 1 . . 1 1 2 . . . 4 8 . . Heat Flow Errors 16 | . 1 4 6 . . . . . . . . . . . . 1 1 . . . . . 3 . . Energy Discharges 17 | . 1 3 4 . . . . . . . . . 1 . . 1 1 3 . . . . 3 . . Parts Rejected 1 | . . . . . . . . . . . . . . . . . . . . . . . 1 . . Parts Fused 3 | . . . 1 . . . . . . . . . . . . 1 . . . . . 1 . . . Data Loss (minor) 21 | . 1 3 6 . . . . . . . . . . . . 1 1 2 . . . 2 5 . . Data Loss (major) 6 | . 3 2 . . . . . . . . . . . . . . . . . . 1 . . . . Alerts 1 | . . . . . . . . . . . . . . . . . . 1 . . . . . . . Weapon Failures 1 | . 1 . . . . . . . . . . . . . . . . . . . . . . . . Overload Shots . | . . . . . . . . . . . . . . . . . . . . . . . . . . Overflow Damage 1225 | . . . . . 93 . . 46 . 230 . 145 21 . . 129 115 . 4 . 38 175 171 58 . Projectiles . | . . . . . . . . . . . . . . . . . . . . . . . . . . Explosions 32 | . . . . . . . . . . 11 . . 21 . . . . . . . . . . . . Melee 1193 | . . . . . 93 . . 46 . 219 . 145 . . . 129 115 . 4 . 38 175 171 58 . Knockbacks 3 | . . . . . . . . . . . . . . . . . 1 . . . . . . 2 . Impact 3 | . . . . . . . . . . . . . . . . . 1 . . . . . . 2 . Kinetic . | . . . . . . . . . . . . . . . . . . . . . . . . . . Secondary . | . . . . . . . . . . . . . . . . . . . . . . . . . . Self-Inflicted Damage 124 | . . . . . . . . . . 26 . . 98 . . . . . . . . . . . . Shots 2 | . . . . . . . . . . 1 . . 1 . . . . . . . . . . . . Rammed 3 | 1 . . . . . . . . . . . . . . . . . . . 2 . . . . . Targets Rammed 10 | 1 . . . . . . . . . . . . . . . . . . . 2 . . 1 5 1 Kicked 7 | . . . . . . . . . . . . . . . . . . . . . . . 1 5 1 Crushed . | . . . . . . . . . . . . . . . . . . . . . . . . . . Highest Temperature 431 | . 226 210 205 . . . . 1 22 310 . . 211 . . 298 188 3 300 . 271 431 276 290 207 Average Temperature 56 | . 62 90 88 . . . . 1 4 47 . . 70 . . 124 33 2 72 . 90 49 34 213 88 Received Heat Transfer 1917 | . 189 321 . . 36 . . . 27 653 . . 54 . . 72 21 . . . 9 18 63 8 446 Effects 5 | . . . . . . . . . . . . . . . . 1 . . 3 . . 1 . . . Energy Bleed 2 | . . . . . . . . . . . . . . . . 1 . . . . . 1 . . . Interference 3 | . . . . . . . . . . . . . . . . . . . 3 . . . . . . Siege Activations . | . . . . . . . . . . . . . . . . . . . . . . . . . . Martial Activations . | . . . . . . . . . . . . . . . . . . . . . . . . . . Shielding Activations . | . . . . . . . . . . . . . . . . . . . . . . . . . . Robots Disrupted . | . . . . . . . . . . . . . . . . . . . . . . . . . . Combat Hostiles . | . . . . . . . . . . . . . . . . . . . . . . . . . . Robots Corrupted 3 | . . . . . . . . . . . . . . . . . 2 . . . . . . 1 . Combat Hostiles 2 | . . . . . . . . . . . . . . . . . 2 . . . . . . . . Parts Fried 4 | . . . . . . . . . . . . . 2 . . . . . . . . . . 2 . Impact Corruptions 5 | . . . . . . . . . . . . . . . . . 4 . . . . . . 1 . Robots Melted . | . . . . . . . . . . . . . . . . . . . . . . . . . . Combat Hostiles . | . . . . . . . . . . . . . . . . . . . . . . . . . . Parts Melted 6 | . . 1 . . . . . . . . . . . . . . . . 2 . . . . . 3 Heat Transferred 629 | . . . . . . . . . . . . . 222 . . . . . 370 . . . 37 . . Parts Sabotaged 2 | . . . . . . . . . . . . . . . . . 2 . . . . . . . . Parts Stolen . | . . . . . . . . . . . . . . . . . . . . . . . . . . Parts Stripped . | . . . . . . . . . . . . . . . . . . . . . . . . . . Power Chain Reactions 1 | . . . . . . . . . . . . . 1 . . . . . . . . . . . . Alert | -11 -10 -10 -9 -9 -6 -6 -6 -5 -5 -5 -5 -5 -5 -4 -4 -4 -4 -4 -3 -3 -2 -2 -2 -1 -1 ------- Run | Yrd Mat Sub Rec Scr Fac Low Zio Pro Fac Ext Cet Arc Hub Fac Was Fac Arm Lab Res Qua Res Tes Sec Acc Com Maximum Alert Level 5 | . . . . . . . . . 1 4 3 2 4 3 1 1 1 . . . . . 5 5 5 Low Security (%) 63 | 100 100 . 100 . 100 . . . 35 9 . . 24 . . 41 91 . 100 100 100 100 94 . . Level 1 9 | . . . . . . . . . 64 27 . 63 18 . 100 58 8 . . . . . . . . Level 2 2 | . . . . . . . . . . 21 . 36 33 . . . . . . . . . . . . Level 3 7 | . . . . . . . . . . 16 100 . . 100 . . . . . . . . . 5 . Level 4 5 | . . . . . . . . . . 24 . . 23 . . . . . . . . . . 12 25 Level 5 2 | . . . . . . . . . . . . . . . . . . . . . . . . . 23 High Security 5 | . . . . . . . . . . . . . . . . . . . . . . . . . 50 Max Security 4 | . . . . . . . . . . . . . . . . . . . . . . . 5 81 . Peak Influence 4174 | 15 111 . 135 . 87 . . . 304 1546 950 555 1463 770 295 292 270 . 160 25 18 129 1833 2303 4174 Initial 1473 | . . . 55 . . . . . 302 81 852 326 190 707 280 199 58 . . . . 8 72 1126 1473 Average 494 | 3 47 . 26 . 21 . . . 221 719 878 401 621 713 284 196 71 . 69 4 3 31 185 1790 2528 Influence Increases 14802 | 25 454 265 226 . 222 . . 60 371 2513 348 259 1405 103 15 390 444 . 358 65 95 394 863 1328 4599 Destroy 0b10 Robot/C 4920 | . 240 140 . . 80 . . 20 . 1180 160 120 280 20 . 60 80 . 140 . . 60 100 260 1980 Destroy 0b10 Robot/NC 430 | 25 35 . . . 20 . . 10 5 55 10 10 25 . . 15 5 . 40 . 10 15 20 45 85 Destroy Leader 744 | . 58 20 . . 10 . . . 2 122 . . 52 10 . 12 . . 36 . 4 12 22 62 322 Allied During Kill 1961 | . . . . . . . . . . 544 139 125 225 . . 9 . . . . . 3 . 118 798 Successful Hack 627 | . 29 . 16 . 32 . . . 23 23 7 . 24 54 . 128 85 . 82 18 6 46 22 . 32 Select Force Hacks 270 | . 60 . 210 . . . . . . . . . . . . . . . . . . . . . . Disable Machine 1035 | . . . . . 15 . . . . 165 . . 285 . . 60 15 . 30 30 15 45 150 135 90 Anti-Garrison Action 50 | . . . . . . . . . . . . . . . . . . . . . . . . . 50 Destroy Structure 2005 | . 2 . . . 5 . . . 26 214 32 4 424 4 . 16 4 . 30 2 30 33 99 348 732 Advance Influence 300 | . . . . . . . . . 300 . . . . . . . . . . . . . . . . Partial Spotted 405 | . . . . . 15 . . . . 60 . . 15 15 15 15 . . . 15 30 60 150 . 15 Lose Combat Pursuer 2055 | . 30 105 . . 45 . . 30 15 150 . . 75 . . 75 255 . . . . 120 300 360 495 Influence Decreases 12452 | 25 366 238 341 . 222 . . 55 209 1158 1054 530 505 748 530 556 299 264 357 66 80 280 585 1412 2572 Entered New Map 5023 | . . 43 60 . . . . . 3 86 670 490 355 738 520 86 61 264 . 1 . 7 57 752 830 Time Decay 4086 | 25 356 135 281 . 211 . . 50 206 452 294 40 80 10 10 270 228 . 330 65 80 243 458 40 222 Lost Part 201 | . 10 60 . . 11 . . . . 40 10 . 10 . . . 10 . . . . 20 30 . . Lost Ally 2992 | . . . . . . . . 5 . 580 80 . 60 . . 50 . . 27 . . 10 40 620 1520 Purge Threat 150 | . . . . . . . . . . . . . . . . 150 . . . . . . . . . Squads Dispatched 101 | . 2 . . . 2 . . . 2 6 . . 5 . . 2 3 . 3 2 5 3 13 22 31 Investigation 7 | . 2 . . . . . . . . . . . 3 . . . . . . . . . . . 2 Extermination 18 | . . . . . 1 . . . 1 . . . . . . 2 2 . . 1 3 2 4 . 2 Reinforcement 20 | . . . . . . . . . 1 2 . . 2 . . . 1 . 3 1 2 1 2 1 4 Assault 53 | . . . . . . . . . . 4 . . . . . . . . . . . . 6 20 23 Garrison 3 | . . . . . 1 . . . . . . . . . . . . . . . . . 1 1 . Intercept . | . . . . . . . . . . . . . . . . . . . . . . . . . . Searches Triggered . | . . . . . . . . . . . . . . . . . . . . . . . . . . Construction Impeded 1 | . . . . . . . . . . 1 . . . . . . . . . . . . . . . Haulers Reinforced 6 | . . . . . . . . . . . . . 1 . . . . . 3 . 1 . . 1 . Active Scanning Responses . | . . . . . . . . . . . . . . . . . . . . . . . . . . Cargo Convoy Interrupts . | . . . . . . . . . . . . . . . . . . . . . . . . . . Stealth | -11 -10 -10 -9 -9 -6 -6 -6 -5 -5 -5 -5 -5 -5 -4 -4 -4 -4 -4 -3 -3 -2 -2 -2 -1 -1 --------- Run | Yrd Mat Sub Rec Scr Fac Low Zio Pro Fac Ext Cet Arc Hub Fac Was Fac Arm Lab Res Qua Res Tes Sec Acc Com Distress Signals 48 | . 1 . . . . . . . . 6 2 . 3 . . 4 1 . 6 . 2 . 2 5 16 Communications Jammed 13 | . . . . . . . . 1 . 8 . . . . . . . . . 4 . . . . . Distress Signals 12 | . . . . . . . . . . 8 . . . . . . . . . 4 . . . . . Times Spotted 485 | . 20 16 . . 8 . . 9 8 71 12 . 19 . 5 24 24 . 4 7 15 15 72 40 116 Peak Tracking Total 41 | . 6 3 . . 4 . . 4 7 14 5 . 14 . 6 16 12 . 3 6 6 8 41 10 20 Tactical Retreats 58 | . 2 2 . . 2 . . 2 1 6 . . 1 . . 2 6 . . . 2 3 9 9 11 Traps | -11 -10 -10 -9 -9 -6 -6 -6 -5 -5 -5 -5 -5 -5 -4 -4 -4 -4 -4 -3 -3 -2 -2 -2 -1 -1 ------- Run | Yrd Mat Sub Rec Scr Fac Low Zio Pro Fac Ext Cet Arc Hub Fac Was Fac Arm Lab Res Qua Res Tes Sec Acc Com Traps Triggered 17 | . 4 1 . . . . . . . 2 . . 1 1 . 3 . . . . . 2 1 2 . Indirectly 1 | . . . . . . . . . . . . . 1 . . . . . . . . . . . . Trap Hack Attempts . | . . . . . . . . . . . . . . . . . . . . . . . . . . Triggered . | . . . . . . . . . . . . . . . . . . . . . . . . . . Disarmed 4 | . 4 . . . . . . . . . . . . . . . . . . . . . . . . Reprogrammed . | . . . . . . . . . . . . . . . . . . . . . . . . . . Reused . | . . . . . . . . . . . . . . . . . . . . . . . . . . Traps Extracted . | . . . . . . . . . . . . . . . . . . . . . . . . . . Installed . | . . . . . . . . . . . . . . . . . . . . . . . . . . Triggered . | . . . . . . . . . . . . . . . . . . . . . . . . . . Machines | -11 -10 -10 -9 -9 -6 -6 -6 -5 -5 -5 -5 -5 -5 -4 -4 -4 -4 -4 -3 -3 -2 -2 -2 -1 -1 ---------- Run | Yrd Mat Sub Rec Scr Fac Low Zio Pro Fac Ext Cet Arc Hub Fac Was Fac Arm Lab Res Qua Res Tes Sec Acc Com Machines Disabled 73 | . . 1 . . 1 . . . . 11 . . 19 . . 4 1 1 2 2 1 3 10 9 8 Max in Single Turn 18 | . . 1 . . 1 . . . . 1 . . 18 . . 1 1 1 1 1 1 1 1 1 1 Garrison Access 6 | . . . . . . . . . . . . . . . . . . . 2 1 1 1 1 . . Phase Generator 1 | . . . . . . . . . . . . . . . . . . . . . . . . . 1 Network Hub 2 | . . . . . . . . . . . . . 2 . . . . . . . . . . . . Energy Cycler 1 | . . . . . . . . . . . . . . . . . . . . . . . . 1 . Machines Repaired . | . . . . . . . . . . . . . . . . . . . . . . . . . . Machines Dismantled 9 | . . . . . . . . . . 7 . . . . . . . . 2 . . . . . . Machines Sabotaged . | . . . . . . . . . . . . . . . . . . . . . . . . . . Overloaded Fab Kills . | . . . . . . . . . . . . . . . . . . . . . . . . . . Hacking | -11 -10 -10 -9 -9 -6 -6 -6 -5 -5 -5 -5 -5 -5 -4 -4 -4 -4 -4 -3 -3 -2 -2 -2 -1 -1 --------- Run | Yrd Mat Sub Rec Scr Fac Low Zio Pro Fac Ext Cet Arc Hub Fac Was Fac Arm Lab Res Qua Res Tes Sec Acc Com Machines Accessed 107 | . 8 1 14 3 4 . . . 8 9 1 1 4 2 . 7 3 1 8 4 4 9 10 . 6 Terminals 68 | . 6 . 6 . 2 . . . 5 9 1 . 4 1 . 4 2 . 4 2 2 5 9 . 6 Fabricators 8 | . . . . . 1 . . . 1 . . . . . . 1 1 . 2 . . 2 . . . Repair Stations 1 | . . . . . . . . . 1 . . . . . . . . . . . . . . . . Recycling Units 16 | . 2 . 8 . 1 . . . 1 . . . . 1 . 2 . . . . 1 . . . . Scanalyzers 2 | . . . . . . . . . . . . . . . . . . . . 1 . 1 . . . Garrison Access 6 | . . . . . . . . . . . . . . . . . . . 2 1 1 1 1 . . Total Hacks 424 | . 22 1 40 8 7 . . . 16 25 4 25 15 18 . 33 38 8 29 14 27 43 28 . 23 Successful 233 | . 15 1 28 8 4 . . . 6 10 1 25 6 5 . 18 19 8 14 9 19 24 10 . 3 Failed 191 | . 7 . 12 . 3 . . . 10 15 3 . 9 13 . 15 19 . 15 5 8 19 18 . 20 Catastrophic 38 | . 2 . 2 . 1 . . . 4 1 . . . 4 . 5 2 . 3 . 1 2 2 . 9 Database Lockouts . | . . . . . . . . . . . . . . . . . . . . . . . . . . Manual 220 | . 16 . 25 . 5 . . . 11 11 1 . 13 6 . 13 18 . 14 9 21 29 16 . 12 Terminals 302 | . 18 . 19 . 2 . . . 13 25 4 . 15 17 . 23 30 . 21 11 24 31 26 . 23 Fabricators 34 | . . . . . 4 . . . 1 . . . . . . 6 8 . 5 . . 10 . . . Repair Stations 1 | . . . . . . . . . 1 . . . . . . . . . . . . . . . . Recycling Units 34 | . 4 . 21 . 1 . . . 1 . . . . 1 . 4 . . . . 2 . . . . Scanalyzers 3 | . . . . . . . . . . . . . . . . . . . . 2 . 1 . . . Garrison Access 8 | . . . . . . . . . . . . . . . . . . . 3 1 1 1 2 . . Terminal Hacks 134 | . 4 1 3 8 . . . . 3 8 1 25 3 3 . 8 11 8 7 6 14 12 7 . 2 Record 43 | . . . . 7 . . . . . . . 25 . . . . . 8 3 . . . . . . Robot Analysis 1 | . . . . . . . . . . . . . . . . . . . . . 1 . . . . Prototype ID Bank 2 | . 1 . 1 . . . . . . . . . . . . . . . . . . . . . . Open Door 9 | . . . . . . . . . . 4 1 . . . . . . . . . . . 4 . . Level Access Points 1 | . . . . . . . . . . . . . 1 . . . . . . . . . . . . Branch Access Points 5 | . . . . . . . . . 1 . . . . . . 1 . . 1 1 1 . . . . Machine Index 2 | . . . . . . . . . . . . . . 1 . . 1 . . . . . . . . Terminal Index 10 | . 1 . 1 . . . . . . 1 . . 1 1 . 1 1 . . 1 1 1 . . . Garrison Index 2 | . . . . . . . . . . . . . . . . . 1 . . . . 1 . . . Alert Level 4 | . . . . . . . . . . . . . . . . 2 1 . . . . 1 . . . Unreport Threat 1 | . . . . . . . . . . . . . . . . 1 . . . . . . . . . Locate Traps 9 | . . . . . . . . . . 1 . . . . . . 1 . 2 2 1 1 1 . . Disarm Traps 1 | . 1 . . . . . . . . . . . . . . . . . . . . . . . . Dispatch Records 2 | . . . . . . . . . . . . . . . . . 1 . . . 1 . . . . Security Status 1 | . . . . . . . . . . . . . . . . . . . . . 1 . . . . Surveillance Status 1 | . . . . . . . . . . . . . . . . . 1 . . . . . . . . Patrol Status 2 | . . . . . . . . . . . . . . . . . 1 . . . 1 . . . . Recall Investigation 1 | . . . . . . . . . . . . . 1 . . . . . . . . . . . . Recall Extermination 6 | . . . . . . . . . . . . . . . . . . . . . 2 3 1 . . Recall Reinforcements 4 | . . . . . . . . . 1 1 . . . . . . . . . . 1 1 . . . Hauler Manifests 1 | . . . . . . . . . . . . . . . . . 1 . . . . . . . . Registered Components 6 | . . . . . . . . . 1 . . . . 1 . 1 1 . . . 1 1 . . . Registered Prototypes 3 | . . . . . . . . . . . . . . . . 1 . . 1 . 1 . . . . Zone Layout 13 | . 1 . 1 . . . . . . 1 . . . . . 1 1 . . 2 2 3 1 . . Proto ID Catalog 2 | . . 1 . 1 . . . . . . . . . . . . . . . . . . . . . Disengage Seal 2 | . . . . . . . . . . . . . . . . . . . . . . . . . 2 Fabricator Hacks 7 | . . . . . 1 . . . . . . . . . . 1 1 . 2 . . 2 . . . Network Status 6 | . . . . . 1 . . . . . . . . . . 1 1 . 1 . . 2 . . . Build 1 | . . . . . . . . . . . . . . . . . . . 1 . . . . . . Repair Station Hacks 1 | . . . . . . . . . 1 . . . . . . . . . . . . . . . . Refit 1 | . . . . . . . . . 1 . . . . . . . . . . . . . . . . Recycling Unit Hacks 21 | . 2 . 11 . 1 . . . 1 . . . . 1 . 3 . . . . 2 . . . . Report Inventory 16 | . 2 . 8 . 1 . . . 1 . . . . 1 . 2 . . . . 1 . . . . Retrieve Components 5 | . . . 3 . . . . . . . . . . . . 1 . . . . 1 . . . . Scanalyzer . | . . . . . . . . . . . . . . . . . . . . . . . . . . Garrison Access Hacks 6 | . . . . . . . . . . . . . . . . . . . 2 1 1 1 1 . . Seal Access 6 | . . . . . . . . . . . . . . . . . . . 2 1 1 1 1 . . Unauthorized Hacks 64 | . 9 . 14 . 2 . . . 1 2 . . 3 1 . 6 7 . 3 2 2 9 2 . 1 Terminals 39 | . 7 . 7 . . . . . 1 2 . . 3 1 . 3 4 . 1 1 2 4 2 . 1 Track 2 | . . . . . . . . . . . . . . . . . 1 . . . . 1 . . . Assimilate 3 | . . . . . . . . . . . . . . . . 1 . . . . 1 1 . . . Botnet 20 | . 2 . 2 . . . . . 1 2 . . 1 1 . 2 2 . 1 1 1 2 1 . 1 Operators 2 | . . . . . . . . . . . . . . . . . 1 . . . . . 1 . . Skim 10 | . 5 . 5 . . . . . . . . . . . . . . . . . . . . . . Sabotage 2 | . . . . . . . . . . . . . 2 . . . . . . . . . . . . Fabricators 14 | . . . . . 2 . . . . . . . . . . 3 3 . 2 . . 4 . . . Report 5 | . . . . . 1 . . . . . . . . . . 1 1 . 1 . . 1 . . . Liberate 3 | . . . . . . . . . . . . . . . . 1 1 . . . . 1 . . . Fabnet 6 | . . . . . 1 . . . . . . . . . . 1 1 . 1 . . 2 . . . Repair Stations . | . . . . . . . . . . . . . . . . . . . . . . . . . . Recycling Units 9 | . 2 . 7 . . . . . . . . . . . . . . . . . . . . . . Tunnel 9 | . 2 . 7 . . . . . . . . . . . . . . . . . . . . . . Scanalyzers 2 | . . . . . . . . . . . . . . . . . . . . 1 . 1 . . . Researchers 2 | . . . . . . . . . . . . . . . . . . . . 1 . 1 . . . Garrison Access . | . . . . . . . . . . . . . . . . . . . . . . . . . . Data Cores Recovered 3 | . . . . . . . . . . . . . . . . . . . . . . . 2 . 1 Used 1 | . . . . . . . . . . . . . . . . . . . . . . . . . 1 Hacking Detections 59 | . 3 . 8 . 3 . . . 6 3 . . 3 2 . 5 1 . 5 1 2 5 7 . 5 Full Trace Events 5 | . . . 2 . . . . . . . . . 1 . . . . . . . . . . . 2 Feedback Events 2 | . . . 2 . . . . . . . . . . . . . . . . . . . . . . Corruption 2 | . . . 2 . . . . . . . . . . . . . . . . . . . . . . Feedback Blocked . | . . . . . . . . . . . . . . . . . . . . . . . . . . Robot Schematics Acquired . | . . . . . . . . . . . . . . . . . . . . . . . . . . Robots Built . | . . . . . . . . . . . . . . . . . . . . . . . . . . Authchips . | . . . . . . . . . . . . . . . . . . . . . . . . . . Time 68 | . . . . . . . . . . . . . . . . . . . 68 . . . . . . Total Robot Build Rating . | . . . . . . . . . . . . . . . . . . . . . . . . . . Part Schematics Acquired . | . . . . . . . . . . . . . . . . . . . . . . . . . . Parts Built . | . . . . . . . . . . . . . . . . . . . . . . . . . . Authchips . | . . . . . . . . . . . . . . . . . . . . . . . . . . Time . | . . . . . . . . . . . . . . . . . . . . . . . . . . Total Part Build Rating . | . . . . . . . . . . . . . . . . . . . . . . . . . . Parts Repaired . | . . . . . . . . . . . . . . . . . . . . . . . . . . Time . | . . . . . . . . . . . . . . . . . . . . . . . . . . Parts Recycled . | . . . . . . . . . . . . . . . . . . . . . . . . . . Recycled Matter . | . . . . . . . . . . . . . . . . . . . . . . . . . . Retrieved Matter . | . . . . . . . . . . . . . . . . . . . . . . . . . . Retrieved Components 15 | . . . 10 . . . . . . . . . . . . 2 . . . . 3 . . . . Parts Scanalyzed . | . . . . . . . . . . . . . . . . . . . . . . . . . . Part Schematics Acquired . | . . . . . . . . . . . . . . . . . . . . . . . . . . Parts Damaged . | . . . . . . . . . . . . . . . . . . . . . . . . . . Bothacking | -11 -10 -10 -9 -9 -6 -6 -6 -5 -5 -5 -5 -5 -5 -4 -4 -4 -4 -4 -3 -3 -2 -2 -2 -1 -1 ------------ Run | Yrd Mat Sub Rec Scr Fac Low Zio Pro Fac Ext Cet Arc Hub Fac Was Fac Arm Lab Res Qua Res Tes Sec Acc Com Used RIF Installer . | . . . . . . . . . . . . . . . . . . . . . . . . . . Robots Hacked 45 | . . . 1 . . . . 2 . 3 . . . . . . . . 2 . . 1 3 7 26 Non-combat 1 | . . . 1 . . . . . . . . . . . . . . . . . . . . . . Combat 44 | . . . . . . . . 2 . 3 . . . . . . . . 2 . . 1 3 7 26 Robot Hacks Applied 1 | . . . 1 . . . . . . . . . . . . . . . . . . . . . . find_recycling 1 | . . . 1 . . . . . . . . . . . . . . . . . . . . . . Relay Couplers Released . | . . . . . . . . . . . . . . . . . . . . . . . . . . Fabnet Peak Effective % 7 | . . . . . . . . 3 3 3 3 3 3 1 1 1 1 1 6 6 5 5 5 7 7 Autooverrided 44 | . . . . . . . . 2 . 3 . . . . . . . . 2 . . 1 3 7 26 Robots Rewired 24 | . . . . . . . . . . 24 . . . . . . . . . . . . . . . Allies Hacked 5 | . . . . . . . . . . 4 . . . . . . . . . . . . 1 . . Hacks Repelled 1 | . . . . . . . . . . 1 . . . . . . . . . . . . . . . Allies | -11 -10 -10 -9 -9 -6 -6 -6 -5 -5 -5 -5 -5 -5 -4 -4 -4 -4 -4 -3 -3 -2 -2 -2 -1 -1 -------- Run | Yrd Mat Sub Rec Scr Fac Low Zio Pro Fac Ext Cet Arc Hub Fac Was Fac Arm Lab Res Qua Res Tes Sec Acc Com Total Allies 230 | . . . . . . . . 2 . 43 6 . . . . 3 . . 2 . 1 2 3 50 118 Largest Group 26 | . . . . . . . . 1 . 17 11 9 8 2 . 2 . . 1 . 1 2 1 8 26 Highest-Rated Group 1361 | . . . . . . . . 54 . 550 772 772 632 254 . 98 . . 47 . 10 84 50 194 1361 Highest-Rated Ally 234 | . . . . . . . . 54 . 159 158 158 158 158 . 49 . . 47 . 10 58 50 82 234 Total Orders 5 | . . . . . . . . . . 1 . 2 . 1 . . . . . . . 1 . . . STAY 3 | . . . . . . . . . . 1 . 1 . 1 . . . . . . . . . . . ROAM 1 | . . . . . . . . . . . . . . . . . . . . . . 1 . . . FOLLOW 1 | . . . . . . . . . . . . 1 . . . . . . . . . . . . . Ally Attacks 926 | . . . . . . . . 1 . 269 80 17 40 3 . 14 . . 5 . . 3 6 110 378 Total Damage 25671 | . . . . . . . . 19 . 5608 2091 702 1644 198 . 455 . . 124 . . 136 75 1882 12737 Kills 137 | . . . . . . . . . . 37 11 6 13 1 . 2 . . . . . 1 . 10 56 Allies Corrupted 9 | . . . . . . . . . . 3 . . . . . . . . . . . . . . 6 Allies Melted . | . . . . . . . . . . . . . . . . . . . . . . . . . . Intel | -11 -10 -10 -9 -9 -6 -6 -6 -5 -5 -5 -5 -5 -5 -4 -4 -4 -4 -4 -3 -3 -2 -2 -2 -1 -1 ------- Run | Yrd Mat Sub Rec Scr Fac Low Zio Pro Fac Ext Cet Arc Hub Fac Was Fac Arm Lab Res Qua Res Tes Sec Acc Com Active Infowar (turns) 8273 | 21 676 231 . . 386 87 535 220 436 950 . 78 176 30 33 595 539 231 804 318 348 559 1016 1 3 Optics 2897 | . . . . . . . . . . . . . . . . . . . 657 317 348 559 1016 . . Sensors 5898 | . . . . . 374 87 535 100 436 121 . . . . . 545 499 231 804 315 327 544 980 . . Terrain 233 | . . 231 . . . . . . . . . . . . . . . . . . 2 . . . . Structural 6019 | . . . . . 212 87 535 195 430 676 . 78 176 30 33 595 539 231 796 318 345 218 525 . . Seismic 698 | 21 676 . . . . . . . . . . . . . . . . . . . 1 . . . . Machine Analysis 1 | . . . . . . . . . . . . . . . . . . . . . . . . . 1 Triangulation 2405 | . . . . . . . . . . . . . . . . 29 . . 764 318 345 138 811 . . Cloaking 1492 | . . . . . . . . . . . . . . . . . 408 4 676 298 104 . . . 2 Jamming 1694 | . . . . . . . . 123 427 601 . . . . . 127 63 . 97 178 . . 77 1 . ECM 569 | . . . . . . . . . . . . . . . . . . . 2 . 66 17 484 . . Robot Analysis Total 1 | . . . . . . . . . . . . . . . . . . . . . 1 . . . . Derelict Logs Recovered 12 | . . 2 . 5 . 2 1 2 . . . . . . . . . . . . . . . . . Drone Launches . | . . . . . . . . . . . . . . . . . . . . . . . . . . Drone Recoveries . | . . . . . . . . . . . . . . . . . . . . . . . . . . Exploration | -11 -10 -10 -9 -9 -6 -6 -6 -5 -5 -5 -5 -5 -5 -4 -4 -4 -4 -4 -3 -3 -2 -2 -2 -1 -1 ------------- Run | Yrd Mat Sub Rec Scr Fac Low Zio Pro Fac Ext Cet Arc Hub Fac Was Fac Arm Lab Res Qua Res Tes Sec Acc Com Turns Passed 18321 | 122 1260 1212 1263 3987 757 87 535 220 436 1124 658 92 176 30 33 595 539 231 804 318 348 559 1214 524 1197 Spaces Moved 20872 | 52 668 654 890 2986 811 220 1191 375 755 1176 808 105 229 44 82 727 655 212 1126 408 873 1235 2321 978 1291 Core 108 | 4 . . . 104 . . . . . . . . . . . . . . . . . . . . . Treads 1649 | 48 122 . . 1479 . . . . . . . . . . . . . . . . . . . . . Legs 2622 | . . . . . . . . . . . . . . . . . . . . . . . 353 978 1291 Wheels 2825 | . 546 654 890 730 5 . . . . . . . . . . . . . . . . . . . . Hover . | . . . . . . . . . . . . . . . . . . . . . . . . . . Flight 13668 | . . . . 673 806 220 1191 375 755 1176 808 105 229 44 82 727 655 212 1126 408 873 1235 1968 . . Fastest Speed 12 | 50 140 130 130 32 34 34 34 44 37 37 37 37 37 37 37 37 32 32 26 27 18 12 12 30 30 Average Speed 56 | 151 151 140 130 125 34 34 43 47 46 37 37 37 41 37 37 37 35 32 30 27 22 14 15 31 41 Slowest Speed 240 | 160 240 155 130 240 145 34 44 109 217 103 37 37 202 37 37 37 114 32 98 27 89 18 149 90 90 Overloaded Moves . | . . . . . . . . . . . . . . . . . . . . . . . . . . Propulsion Burnouts . | . . . . . . . . . . . . . . . . . . . . . . . . . . Robots Hopped 56 | . . . . . 3 . . . 9 13 . . 2 . 2 4 1 . . 4 4 3 11 . . Potential Cave-ins 24 | . . . . . . . . . . . . . . . . . . . . . . 11 2 2 9 Cave-ins Triggered . | . . . . . . . . . . . . . . . . . . . . . . . . . . Teleports 2 | . . . . . . . . . . . . . . . . . . . . . . . 2 . . Exploration Rate (%) 55 | 3 99 43 94 86 22 38 85 62 20 83 70 75 31 2 67 23 51 95 36 60 27 93 93 29 52 Regions Visited 25 Branch Regions 16 Pre-discovered Areas 16 | . 2 1 9 3 . . 1 . . . . . . . . . . . . . . . . . . Known Exits Taken 18 | . 1 . 1 . 1 1 1 1 1 1 1 1 1 . . 1 1 1 1 1 1 1 . . . Unknown Exits Taken 5 | 1 . 1 . 1 . . . . . . . . . . . . . . . . . . 1 1 . Scrap Searched 23 | . . 1 . 12 . 5 3 2 . . . . . . . . . . . . . . . . . Spaces Dug 174 | . . . . . 5 . . 2 13 . . 1 2 2 . 8 2 . 15 1 10 11 33 38 31 Terrain Destroyed 961 | . . . . . 5 . . 2 13 133 . 1 302 2 . 8 2 . 15 1 10 11 36 146 274 Melee 92 | . . . . . 5 . . 2 13 . . 1 2 2 . 8 2 . 15 1 10 11 20 . . Projectile 325 | . . . . . . . . . . . . . . . . . . . . . . . 16 91 218 AOE 544 | . . . . . . . . . . 133 . . 300 . . . . . . . . . . 55 56 Terrain Rammed . | . . . . . . . . . . . . . . . . . . . . . . . . . . Walls Destroyed . | . . . . . . . . . . . . . . . . . . . . . . . . . . Machines Disabled . | . . . . . . . . . . . . . . . . . . . . . . . . . . Actions | -11 -10 -10 -9 -9 -6 -6 -6 -5 -5 -5 -5 -5 -5 -4 -4 -4 -4 -4 -3 -3 -2 -2 -2 -1 -1 --------- Run | Yrd Mat Sub Rec Scr Fac Low Zio Pro Fac Ext Cet Arc Hub Fac Was Fac Arm Lab Res Qua Res Tes Sec Acc Com Total 26092 | 73 801 784 999 3272 1235 232 1209 402 814 1662 1186 149 292 55 81 1012 932 368 1508 599 985 1563 3043 1124 1712 Wait 3378 | . 62 34 88 121 353 9 1 9 34 191 293 35 46 6 . 224 230 136 272 183 57 250 505 42 197 Move 20740 | 51 667 653 889 2985 804 219 1190 374 737 1149 807 104 224 44 78 720 652 211 1125 400 864 1228 2298 977 1290 Hop 52 | . . . . . 3 . . . 8 13 . . 2 . 1 2 1 . . 4 4 3 11 . . Pick Up 240 | 5 10 9 8 49 10 1 6 . 5 6 41 3 . . 1 10 10 7 8 2 2 3 36 5 3 Fast Attach 104 | 7 2 . 1 15 8 1 2 1 2 1 . . . . 1 3 4 1 8 . 10 8 21 1 7 Attach 77 | . 1 6 . 6 7 . 1 2 3 7 . 2 2 2 . 3 1 2 3 1 7 3 8 4 6 Detach 70 | . . . . 21 5 1 2 2 3 4 1 . 1 1 . 1 . 1 2 . 4 3 11 4 3 Swap 250 | . 2 10 2 7 1 . 1 5 4 22 1 . 5 . . 12 10 1 13 4 20 29 33 34 34 Drop 265 | . . 3 8 68 11 1 6 1 4 4 42 . . . . 11 12 4 16 1 1 12 40 5 15 Fire 413 | 9 57 69 . . . . . . . 43 . . 10 . . . . . 10 1 . . 24 47 143 Melee 284 | . . . 3 . 32 . . 8 14 48 1 5 2 2 . 22 12 5 33 2 16 24 55 . . Ram 1 | . . . . . . . . . . . . . . . . . . . . 1 . . . . . Kick 7 | . . . . . . . . . . . . . . . . . . . . . . . 1 5 1 Crush 1 | 1 . . . . . . . . . . . . . . . . . . . . . . . . . Escape Stasis 35 | . . . . . . . . . . 18 . . . . . 4 . . . . . . . . 13 Rewire 99 | . . . . . . . . . . 99 . . . . . . . . . . . . . . . Trap . | . . . . . . . . . . . . . . . . . . . . . . . . . . Miscellaneous 76 | . . . . . 1 . . . . 57 . . . . . . . . 18 . . . . . . Route ------- -11/Scrapyard -10/Materials (discovered 5 exits: [*Mat x3] / [*Min] / *Sub) -10/Subcaves (discovered 3 exits: *Mat x2 / *Rec) -9/Recycling (discovered 2 exits: *Fac / *Scr) -9/Scraptown (discovered 2 exits: *Fac x2) -6/Factory (discovered 2 exits: *Low x2) -6/Lower Caves -6/Zion -5/Proximity Caves -5/Factory (discovered 5 exits: Fac / Upp x2 / *Ext x2) -5/Extension (discovered 2 exits: *Fac / *Cet) -5/Cetus (discovered 2 exits: *Fac / *Arc) -5/Archives -5/Hub_04(d) (discovered 4 exits: *Fac x4) -4/Factory -4/Waste -4/Factory (discovered 4 exits: *Res / Upp x2 / *Arm) -4/Armory -4/Lab -3/Research (discovered 3 exits: *Res / *Qua x2) -3/Quarantine -2/Research (discovered 2 exits: *Tes x2) -2/Testing (discovered 3 exits: [*Acc] / *Sec / *Frg) -2/Section 7 -1/Access (discovered 2 exits: [Sur] / *Com) -1/Command (discovered 2 exits: [*Sur x2]) To Fleet Rendezvous History --------- Turn | Location | Event 32 | -11/Scrapyard | Discovered new exit (range 15) 123 | -11/Scrapyard | Entered Materials 314 | -10/Materials | Build established: Mutant 398 | -10/Materials | Discovered new exit (range 15) 441 | -10/Materials | Discovered new exit (range 8) 708 | -10/Materials | Discovered new exit (range 12) 1022 | -10/Materials | Discovered new exit (range 8) 1143 | -10/Materials | Learned Storage trap positions 1169 | -10/Materials | Learned 2 Mines zone layouts 1183 | -10/Materials | Identified exit to Subcaves 1186 | -10/Materials | Learned location of 1 exit from Storage 1191 | -10/Materials | Learned location of 3 exits from Materials 1383 | -10/Materials | Entered Subcaves 1384 | -10/Subcaves | Identified exit to Materials 1565 | -10/Subcaves | Visited 4L-MR0's lab 1588 | -10/Subcaves | Found Flightbrick 1792 | -10/Subcaves | A swath of the cavern ceiling suddenly collapsed 1836 | -10/Subcaves | Learned Materials emergency access door positions 1837 | -10/Subcaves | Learned location of Zion (-6) 1910 | -10/Subcaves | A swath of the cavern ceiling suddenly collapsed 2341 | -10/Subcaves | Core integrity fell below 50% 2441 | -10/Subcaves | Core integrity fell below 20% 2544 | -10/Subcaves | Discovered new exit (range 10) 2595 | -10/Subcaves | Lost 3 parts (1n1u1w) 2595 | -10/Subcaves | Entered Recycling 3198 | -9/Recycling | Identified exit to Factory 3236 | -9/Recycling | Identified exit to Scraptown 3287 | -9/Recycling | Learned Materials stockpile data 3304 | -9/Recycling | Learned Materials stockpile data 3318 | -9/Recycling | Learned location of 1 exit from Recycling 3652 | -9/Recycling | Scanned before Scraplab entrance 3845 | -9/Recycling | Entered Scraplab 3858 | -9/Recycling | Entered Scraptown 3858 | -9/Scraptown | System corruption cleaned by C-Scrubber 3936 | -9/Scraptown | Visited Cave Peace 4004 | -9/Scraptown | Visited UFD Registry 4004 | -9/Scraptown | Registered with UFD as "Cryohead" 4091 | -9/Scraptown | Scanned Subdweller tech in exchange for log data 4094 | -9/Scraptown | Learned location of 1 exit from Factory 4095 | -9/Scraptown | Learned location of Warlord (-5) 4096 | -9/Scraptown | Learned Research trap positions 4098 | -9/Scraptown | Learned Factory emergency access door positions 4499 | -9/Scraptown | Visited A0-MCA Data Center 4538 | -9/Scraptown | Visited Science Guys 4592 | -9/Scraptown | Visited Junk Cannon Lab 4600 | -9/Scraptown | Found Prototype Special Weapon 4661 | -9/Scraptown | Visited Research Penetration Think Tank 4702 | -9/Scraptown | Visited Scrapoid Pod Storage 4710 | -9/Scraptown | Found Scrapoid Pod 4830 | -9/Scraptown | Visited Observation Area 4864 | -9/Scraptown | Visited Abandonware Association 4877 | -9/Scraptown | Learned abandonware demo "OVRCLOCK.EXE" 4883 | -9/Scraptown | Learned abandonware demo "SHUTEYE.EXE" 4883 | -9/Scraptown | Learned abandonware demo "ERRANTS.EXE" 4920 | -9/Scraptown | Visited DA-N13 Charitable Foundation 4938 | -9/Scraptown | Found DCF Scrap (30 items) 5039 | -9/Scraptown | Visited Botcube Research 5050 | -9/Scraptown | Found Lrg. Botcube 5165 | -9/Scraptown | Visited LU-1G1's Boring Crew 5396 | -9/Scraptown | Visited SPCMW 5423 | -9/Scraptown | Visited Symbiants 5498 | -9/Scraptown | Visited Bundlers 5632 | -9/Scraptown | Visited Shadow of the Wyrm 5656 | -9/Scraptown | Visited Spacefarers 5801 | -9/Scraptown | Discovered new exit (range 11) 5955 | -9/Scraptown | Visited Red Mages 7013 | -9/Scraptown | Given an S rating by A0-MCA 7014 | -9/Scraptown | Found Prototype Processor 7016 | -9/Scraptown | Found A0-MCA's Component Scanner 7769 | -9/Scraptown | Met Optimus 7769 | -9/Scraptown | Accepted into 0bPrime 7842 | -9/Scraptown | Discovered new exit (range 3) 7845 | -9/Scraptown | Entered Factory 7845 | -6/Factory | Evolved 8 slots: Power x1, Propulsion x3, Utility x4 7846 | -6/Factory | Identified exit to Lower Caves 7854 | -6/Factory | Attached Flightbrick, gained temporary slots: Utility x3 8016 | -6/Factory | Garrison activated, responded to threat 8031 | -6/Factory | Spotted B-75 Beast 8088 | -6/Factory | Identified Expert System 8372 | -6/Factory | Identified Junk Cannon 8594 | -6/Factory | Discovered exit to Lower Caves (range 3) 8602 | -6/Factory | Entered Lower Caves 8630 | -6/Lower Caves | Learned Factory terminal intel 8687 | -6/Lower Caves | A Derelict revealed a hidden shortcut to a safe place 8689 | -6/Lower Caves | Identified exit to Zion 8689 | -6/Lower Caves | Entered Zion 8698 | -6/Zion | Given the Hacking Drone Bay 8723 | -6/Zion | Discovered new exit (range 12) 8728 | -6/Zion | Identified exit to Proximity Caves 8752 | -6/Zion | Learned Factory garrison access intel 8795 | -6/Zion | Build established: Scout 8797 | -6/Zion | Found GAL Module 8856 | -6/Zion | Learned Factory emergency access door positions 8962 | -6/Zion | Acquired unknown access codes intercepted by a Zionite 9038 | -6/Zion | Learned location of Armory (-4) 9063 | -6/Zion | Turned away by Imprinter 9182 | -6/Zion | Build established: Derelict-Scout 9224 | -6/Zion | Entered Proximity Caves 9229 | -5/Proximity Caves | Spotter reported a threat 9252 | -5/Proximity Caves | Attracted the attention of an 0b10 checkpoint 9262 | -5/Proximity Caves | Learned location of 1 exit from Factory 9300 | -5/Proximity Caves | Spotter reported a threat 9442 | -5/Proximity Caves | Discovered new exit (range 3) 9443 | -5/Proximity Caves | Identified exit to Factory 9444 | -5/Proximity Caves | Entered Factory 9444 | -5/Factory | Evolved 2 slots: Propulsion x1, Utility x1 9445 | -5/Factory | Identified exit to Upper Caves 9446 | -5/Factory | Identified exit to Factory 9448 | -5/Factory | Loaded intel: 28 terminal locations 9449 | -5/Factory | Loaded intel: 4 garrison access locations 9602 | -5/Factory | Identified exit to Extension 9880 | -5/Factory | Entered Extension 9891 | -5/Extension | Rescued a captive Derelict 9892 | -5/Extension | Rescued a captive Derelict 9896 | -5/Extension | Rescued a captive Derelict 9907 | -5/Extension | Rescued a captive Derelict 10010 | -5/Extension | Rescued a captive Derelict 10052 | -5/Extension | Rescued a captive Derelict 10054 | -5/Extension | Rescued a captive Derelict 10060 | -5/Extension | Local machine network offline 10126 | -5/Extension | Rescued a captive Derelict 10152 | -5/Extension | Spotted B-75 Beast 10155 | -5/Extension | Spotted B-75 Beast 10265 | -5/Extension | Rescued a captive Derelict 10336 | -5/Extension | Expert System configures itself against Recycler targets 10355 | -5/Extension | Disrupted transfer network 10480 | -5/Extension | First assault squad dispatched 10481 | -5/Extension | Lost 3 allies 10500 | -5/Extension | Rescued a captive Derelict 10501 | -5/Extension | Rescued a captive Derelict 10583 | -5/Extension | Lost 6 allies 10724 | -5/Extension | Disrupted transfer network 10744 | -5/Extension | Discovered new exit (range 15) 10744 | -5/Extension | Discovered exit to Factory (range 15) 10769 | -5/Extension | Destroyed 8 combat bots 10804 | -5/Extension | Rescued A7 10868 | -5/Extension | Destroyed 9 combat bots 10904 | -5/Extension | Rescued a captive Derelict 10905 | -5/Extension | Rescued a captive Derelict 10908 | -5/Extension | Build established: Hacker-Mutant 10925 | -5/Extension | Rescued a captive Derelict 10925 | -5/Extension | Rescued a captive Derelict 10941 | -5/Extension | Identified exit to Cetus 11004 | -5/Extension | Entered Cetus 11004 | -5/Cetus | Accompanied by 8 allies (A7) 11009 | -5/Cetus | Acquired a Cetus Manufacturing Module code from A7 11032 | -5/Cetus | Spotted Cetus Guard 11032 | -5/Cetus | Spotted Cetus Guard 11039 | -5/Cetus | Spotted Cetus Guard 11042 | -5/Cetus | Spotted Cetus Guard 11045 | -5/Cetus | Allies destroyed Cetus Guard 11048 | -5/Cetus | Allies destroyed Cetus Guard 11051 | -5/Cetus | Allies destroyed Cetus Guard 11052 | -5/Cetus | Allies destroyed Cetus Guard 11099 | -5/Cetus | Escorted A7 to Cetus Mainframe 11106 | -5/Cetus | Started Cetus Manufacturing Module 11131 | -5/Cetus | Manufactured an Enhanced Grunt 11156 | -5/Cetus | Manufactured an Enhanced Grunt 11181 | -5/Cetus | Manufactured an Enhanced Grunt 11206 | -5/Cetus | Manufactured an Enhanced Grunt 11231 | -5/Cetus | Manufactured an Enhanced Grunt 11256 | -5/Cetus | Discovered new exit (range 16) 11265 | -5/Cetus | Spotted Cetus Guard 11265 | -5/Cetus | Spotted Cetus Guard 11280 | -5/Cetus | Spotted Cetus Guard 11282 | -5/Cetus | Spotted Cetus Guard 11293 | -5/Cetus | Allies destroyed Cetus Guard 11300 | -5/Cetus | Allies destroyed Cetus Guard 11304 | -5/Cetus | Allies destroyed Cetus Guard 11306 | -5/Cetus | Allies destroyed Cetus Guard 11333 | -5/Cetus | Lost 3 allies 11427 | -5/Cetus | Discovered exit to Factory (range 16) 11430 | -5/Cetus | Met Revision 17 11492 | -5/Cetus | Build established: Commander-Gladiator 11567 | -5/Cetus | Lrg. Botcube activated 11601 | -5/Cetus | Lrg. Botcube completed mutation into treaded form, armed with 4 guns. 11632 | -5/Cetus | Identified exit to Archives 11662 | -5/Cetus | Entered Archives 11662 | -5/Archives | Accompanied by 9 allies (A7) 11667 | -5/Archives | Received a hacking code to weaken MAIN.C 11667 | -5/Archives | Murdered A7 11669 | -5/Archives | Extracted ID and sensor layout for unrecognized location from A7's data core 11689 | -5/Archives | Met Zhirov 11693 | -5/Archives | Read partially decrypted archive contents 11693 | -5/Archives | Read partially decrypted archive contents 11693 | -5/Archives | Read partially decrypted archive contents 11693 | -5/Archives | Read partially decrypted archive contents 11693 | -5/Archives | Discovered new exit (range 15) 11695 | -5/Archives | Reinforcements dispatched to Archives 11707 | -5/Archives | Identified exit to Hub_04(d) 11740 | -5/Archives | Reinforcements dispatched to Archives 11754 | -5/Archives | Entered Hub_04(d) 11754 | -5/Hub_04(d) | Accompanied by 8 allies 11770 | -5/Hub_04(d) | Discovered exit to Factory (range 14) 11888 | -5/Hub_04(d) | Network Hub disabled 11888 | -5/Hub_04(d) | Network Hub disabled 11911 | -5/Hub_04(d) | Spotted Lightning 11930 | -5/Hub_04(d) | Entered Factory 11930 | -4/Factory | Accompanied by 2 allies 11930 | -4/Factory | Evolved 2 slots: Propulsion x1, Utility x1 11931 | -4/Factory | Identified exit to Armory 11960 | -4/Factory | Sucked down chute 11960 | -4/Factory | Entered Waste 11969 | -4/Waste | Spotted C-40 Crusher 11972 | -4/Waste | Spotted C-40 Crusher 11975 | -4/Waste | EMP discharged 11976 | -4/Waste | Crushed by Compactor (0 parts destroyed, 1 dropped) 11980 | -4/Waste | Spotted C-40 Crusher 11980 | -4/Waste | Spotted C-40 Crusher 11981 | -4/Waste | Spotted C-40 Crusher 11986 | -4/Waste | Spotted C-40 Crusher 11987 | -4/Waste | Discovered new exit (range 16) 11993 | -4/Waste | Identified exit to Factory 11993 | -4/Waste | Entered Factory 12282 | -4/Factory | Spotted B-86 Titan 12401 | -4/Factory | Identified exit to Upper Caves 12429 | -4/Factory | Discovered new exit (range 13) 12588 | -4/Factory | Entered Armory 12814 | -4/Armory | Build established: Hacker-Ninja 12995 | -4/Armory | Found Exp. ECM Suite 12998 | -4/Armory | Found Exp. Melee Analysis Suite 13000 | -4/Armory | Found Exp. Hacking Suite 13002 | -4/Armory | Found Exp. Signal Interpreter 13091 | -4/Armory | System corruption reached 10% 13123 | -4/Armory | Discovered new exit (range 4) 13126 | -4/Armory | Identified exit to Lab 13127 | -4/Armory | Entered Lab 13127 | -4/Lab | Discovered new exit (range 10) 13130 | -4/Lab | Identified exit to Research 13131 | -4/Lab | Hidden lab's door opened automatically 13131 | -4/Lab | Sensor layout match revealed 13147 | -4/Lab | Gained access to the hidden lab's interior 13198 | -4/Lab | Found Warp Cannon 13199 | -4/Lab | Found AEGIS Remote Shield 13291 | -4/Lab | Found Deep Network Scanner 13302 | -4/Lab | Found Alien Artifact 13302 | -4/Lab | Identified Core Regenerator 13302 | -4/Lab | Used Core Regenerator, restored core integrity (+97) 13310 | -4/Lab | Found Alien Artifact 13310 | -4/Lab | Identified Integrated Mediator 13310 | -4/Lab | Installed Integrated Mediator, increased core attachment efficiency 13318 | -4/Lab | Found Alien Artifact 13324 | -4/Lab | Found Alien Artifact 13339 | -4/Lab | Unable to decrypt terminal 13358 | -4/Lab | Entered Research 13358 | -3/Research | Evolved 2 slots: Utility x2 13359 | -3/Research | Loaded intel: 64 trap records 13563 | -3/Research | Revision forces began assault on 0b10 13572 | -3/Research | Identified exit to Quarantine 13593 | -3/Research | Met up with Revision 17++ 13794 | -3/Research | Discovered new exit (range 6) 13796 | -3/Research | Identified exit to Research 13907 | -3/Research | Spotted B-86 Titan 13977 | -3/Research | Found Exp. Target Analyzer 14063 | -3/Research | Research terminal network offline 14162 | -3/Research | Entered Quarantine 14166 | -3/Quarantine | Identified Core Reset Matrix 14166 | -3/Quarantine | Identified Transdimensional Reconstructor 14166 | -3/Quarantine | Used Core Reset Matrix 14170 | -3/Quarantine | Detected hypermatrix surge 14170 | -3/Quarantine | Sensed 10 artifacts in vicinity 14213 | -3/Quarantine | Found Subatomic Replicator 14272 | -3/Quarantine | Found Matter Drive 14356 | -3/Quarantine | Discovered exit to Research (range 8) 14480 | -3/Quarantine | Entered Research 14480 | -2/Research | Evolved 2 slots: Utility x2 14508 | -2/Research | Lost 3 parts (1n2u) 14526 | -2/Research | Spotted B-90 Cyclops 14536 | -2/Research | Spotted B-90 Cyclops 14575 | -2/Research | Found Unknown Launcher 14575 | -2/Research | Identified Fusion Bomb Launcher 14610 | -2/Research | Identified exit to Testing 14643 | -2/Research | Lost 4 parts (1p1n2u) 14828 | -2/Research | Entered Testing 14875 | -2/Testing | Found Prototype Device 14875 | -2/Testing | Identified Exp. EM Disruption Field 15001 | -2/Testing | Unstable Terrabomb Derivative detonated 15302 | -2/Testing | Found Prototype Energy Cannon 15302 | -2/Testing | Identified Null Cannon 15314 | -2/Testing | Spotted Striker 15314 | -2/Testing | Spotted Striker 15326 | -2/Testing | Discovered new exit (range 16) 15369 | -2/Testing | Spotted Fortress 15380 | -2/Testing | Discovered new exit (range 5) 15380 | -2/Testing | Discovered new exit (range 6) 15381 | -2/Testing | Identified exit to Section 7 15381 | -2/Testing | Identified exit to Protoforge 15387 | -2/Testing | Entered Section 7 15388 | -2/Section 7 | Detected hypermatrix surge 15388 | -2/Section 7 | Sensed 23 artifacts in vicinity 15393 | -2/Section 7 | Found Integrated Mediator 15393 | -2/Section 7 | Installed Integrated Mediator, increased core attachment efficiency 15404 | -2/Section 7 | Spotted S7 Guard 15410 | -2/Section 7 | Found Core Membrane 15410 | -2/Section 7 | Installed Core Membrane, gained immunity to corruption 15423 | -2/Section 7 | Found Integrated Dissipator 15423 | -2/Section 7 | Installed Integrated Dissipator, increased core heat dissipation (+20) 15546 | -2/Section 7 | Found Spacefold Activator 15589 | -2/Section 7 | Spotted B-90 Cyclops 15596 | -2/Section 7 | Found Prototype Processor 15596 | -2/Section 7 | Identified Exp. Terrain Scan Processor 15740 | -2/Section 7 | Garrison activated, responded to threat 15743 | -2/Section 7 | Found Integrated Dissipator 15743 | -2/Section 7 | Installed Integrated Dissipator, increased core heat dissipation (+20) 15795 | -2/Section 7 | Spotted Alpha 7 15949 | -2/Section 7 | Spotted S7 Guard 15972 | -2/Section 7 | Found Core Regenerator 15978 | -2/Section 7 | Spotted Executioner 15979 | -2/Section 7 | Spotted Executioner 16011 | -2/Section 7 | Build established: Alien-Ninja 16032 | -2/Section 7 | Found Transdimensional Reconstructor 16033 | -2/Section 7 | Found Transdimensional Reconstructor 16034 | -2/Section 7 | Found Hpw. Transdimensional Reconstructor 16036 | -2/Section 7 | Found Terrabomb 16037 | -2/Section 7 | Found Terrabomb 16042 | -2/Section 7 | Spotted Striker 16042 | -2/Section 7 | Spotted Striker 16148 | -2/Section 7 | Spotted B-99 Colossus 16156 | -2/Section 7 | Found LRC Storage 16156 | -2/Section 7 | Installed LRC Storage, increased inventory capacity (+2) 16160 | -2/Section 7 | Found LRC Armor 16169 | -2/Section 7 | Found Integrated Reactor 16169 | -2/Section 7 | Installed Integrated Reactor, increased core energy generation (+10) 16171 | -2/Section 7 | Found Integrated Reactor 16171 | -2/Section 7 | Installed Integrated Reactor, increased core energy generation (+10) 16173 | -2/Section 7 | Found Integrated Reactor 16173 | -2/Section 7 | Installed Integrated Reactor, increased core energy generation (+10) 16185 | -2/Section 7 | Installed LRC Armor, increased core integrity (+250) 16186 | -2/Section 7 | Found Integrity Redistributor 16254 | -2/Section 7 | Found Sigix Sheargun 16255 | -2/Section 7 | Found Sigix Sheargun 16379 | -2/Section 7 | Spotted Executioner 16379 | -2/Section 7 | Spotted Executioner 16403 | -2/Section 7 | Integrated with Sigix Exoskeleton 16536 | -2/Section 7 | Spotted Alpha 7 16568 | -2/Section 7 | Warped through subspace 16574 | -2/Section 7 | Warped through subspace 16577 | -2/Section 7 | Local machine network offline 16588 | -2/Section 7 | Discovered new exit (range 17) 16601 | -2/Section 7 | Entered Access 16601 | -1/Access | Evolved 2 slots: Weapon x2 16606 | -1/Access | Emitted hypermatrix ping 16611 | -1/Access | Assembled emerged from beneath the floor 16668 | -1/Access | Build established: Alien-Sigix 16683 | -1/Access | Assembled emerged from beneath the floor 16707 | -1/Access | Assembled emerged from beneath the floor 16734 | -1/Access | Local machine network offline 16748 | -1/Access | Found Prototype Processor 16748 | -1/Access | Identified Exp. Signal Interpreter 16768 | -1/Access | Assembled emerged from beneath the floor 16881 | -1/Access | Assembled emerged from beneath the floor 16918 | -1/Access | Lost 3 allies 16928 | -1/Access | Discovered new exit (range 18) 16953 | -1/Access | Spotted B-99 Colossus 16955 | -1/Access | Found Prototype Device 16955 | -1/Access | Identified Exp. Transmission Jammer 16970 | -1/Access | Found Prototype Processor 16970 | -1/Access | Identified Exp. Core Analyzer 16997 | -1/Access | Spotted B-99 Colossus 17000 | -1/Access | Assembled emerged from beneath the floor 17021 | -1/Access | Garrison activated, responded to threat 17049 | -1/Access | Lost 6 allies 17073 | -1/Access | Discovered new exit (range 16) 17082 | -1/Access | Energy Cycler disabled 17125 | -1/Access | Entered Command 17130 | -1/Command | Emitted hypermatrix ping 17135 | -1/Command | Assembled emerged from beneath the floor 17345 | -1/Command | Assembled emerged from beneath the floor 17356 | -1/Command | Assembled emerged from beneath the floor 17375 | -1/Command | First assault squad dispatched 17425 | -1/Command | Disengaged cave seal 17446 | -1/Command | Lost 3 allies 17466 | -1/Command | Phase Generator disabled 17506 | -1/Command | Found Unknown Device 17522 | -1/Command | Lost 5 allies 17542 | -1/Command | Disengaged cave seal 17542 | -1/Command | Assembled emerged from the dark tunnel 17548 | -1/Command | Discovered new exit (range 18) 17577 | -1/Command | Assembled emerged from beneath the floor 17577 | -1/Command | Spotted B-99 Colossus 17588 | -1/Command | Destroyed B-99 Colossus 17600 | -1/Command | High security lockdown imminent 17655 | -1/Command | Lost 13 allies 17680 | -1/Command | High security lockdown engaged 17792 | -1/Command | Spotted Striker 17801 | -1/Command | Spotted Striker 17808 | -1/Command | Destroyed Striker 17809 | -1/Command | Allies destroyed Striker 17845 | -1/Command | Assembled emerged from the dark tunnel 17853 | -1/Command | Lost 8 allies 17862 | -1/Command | Destroyed 11 combat bots 17862 | -1/Command | Spotted Investigator 17893 | -1/Command | Scanned by Researcher 17895 | -1/Command | Destroyed Investigator 17911 | -1/Command | Found Prototype Launcher 17911 | -1/Command | Identified Containment Facilitator 17921 | -1/Command | Destroyed 11 combat bots 18024 | -1/Command | Spotted Striker 18047 | -1/Command | Lost 3 allies 18053 | -1/Command | Spotted M Guard 18053 | -1/Command | Spotted Combat Programmer 18053 | -1/Command | Spotted Combat Programmer 18063 | -1/Command | Destroyed Striker 18066 | -1/Command | Destroyed Combat Programmer 18070 | -1/Command | Spotted M Guard 18103 | -1/Command | Sigix Exoskeleton integrity reduced to 80% 18114 | -1/Command | Destroyed M Guard 18125 | -1/Command | Destroyed M Guard 18147 | -1/Command | Found Prototype Reactor 18147 | -1/Command | Identified Zero-point Reactor 18152 | -1/Command | Found AEGIS Remote Shield 18161 | -1/Command | Destroyed 8 combat bots 18178 | -1/Command | Met MAIN.C 18181 | -1/Command | Sigix Exoskeleton integrity reduced to 60% 18198 | -1/Command | 0b10 Conduit disabled 18205 | -1/Command | MAIN.C's shell transforms into a squad of autonomous robots 18205 | -1/Command | Destroyed MAIN.C Shell 18205 | -1/Command | Spotted M Shell/Atk 18205 | -1/Command | Spotted M Shell/Def 18205 | -1/Command | Spotted M Shell/Atk 18205 | -1/Command | Spotted M Shell/Atk 18206 | -1/Command | Spotted M Shell/Def 18207 | -1/Command | Spotted M Shell/Atk 18208 | -1/Command | MAIN.C activated Command garrisons 18208 | -1/Command | Used Terrabomb 18209 | -1/Command | Spotted M Shell/Def 18210 | -1/Command | Spotted M Shell/Def 18214 | -1/Command | Discovered new exit (range 18) 18249 | -1/Command | Sigix Exoskeleton integrity reduced to 40% 18255 | -1/Command | Core integrity fell below 50% 18274 | -1/Command | Destroyed M Shell/Def 18290 | -1/Command | Sigix Exoskeleton integrity reduced to 20% 18304 | -1/Command | Destroyed MAIN.C 18322 | *** | Heading to fleet! Last Messages --------------- 18306_ Stasis bubble strength at 185. 18307_ Stasis bubble strength at 170. 18308_ M Shell/Atk destroyed. 18308_ Stasis bubble strength at 155. 18310_ Acquired 5 matter. 18311_ Stasis bubble strength at 140. 18312_ Stasis bubble strength at 125. 18312_ Slug penetrates M Shell/Atk. 18312_ M Shell/Atk suffers critical hit (Destroy). 18313_ Stasis bubble strength at 110. 18314_ Stasis bubble strength at 95. 18315_ Stasis bubble strength at 80. 18316_ Stasis bubble strength at 65. 18317_ K-01 Serf collects debris. 18317_ Stasis bubble strength at 50. 18318_ Stasis bubble strength at 35. 18319_ Stasis bubble strength at 20. 18320_ Stasis bubble strength at 5. 18320_ K-01 Serf collects debris. 18321_ Stasis bubble bursts. Map ----- +----------------------------------------------------+ | ???????????????????? ###### " """ | | ??????????????????? "" ###### " " " | | ?????????????????? """"##### " " " | | ?????????????????? """"##### " " " | | ????????????????? "" #### " """"" | | ???????????????? #### " """ | | ???????????????? = #### " " | | ???????????????####+#######""""""""""" " " | | ??????????????### """"""""" | | ?????????????#### | | ????????????##### =[! | | ???????????###### !! !! [=%* % | | ??????????####### !! !! """""""""%% | | ?????????? # ! ! """" " " " | | ?????????# # i " " " | | ????????## # i ; " """"" | | ????????## # % ;;;;"""" " | | ????????## # ] ; " """"""" | | ???????### # ! ![ ; " | | ???????########+# %=!*! ; " | | ??????? !!=!! ; " | | ???????# ########%[* ; """ | | ???????# #######%$=! ; """ | | ??????#########+########%=*YY%==! ; " | | ?????? #### #####!!=Y*==k! + """ | | ??????? #### #####%X=#=*==! " T" | | ??????? #### #####!!|#[=*] " """ | | ??????? #### #########!%! " """ | | ??????? #### ########## # """ | | ??????? ######+###### # """ | | ????????## ## # #####???? | | ????????## w=! ## ###+#######????? | | ????????## =! ## !!! ### ######?????? | | ?????????# ## !!! ### #####??????? | | ?????????? ## k !! ### #####??????? | | ?????????? k ## ####???????? | | ??????????? ## ###????????? | | ???????????? ## ##?????????? | | ?????????????#+###### ???????????? | | ??????????????? ##### ????????????? | | ???????????????? ???????????????? | | ??????????????????? ???????????????????? | | ????????????????????????#????????????????????????? | | ?????????????????????????????????????????????????? | | ?????????????????????????????????????????????????? | | ?????????????????????????????????????????????????? | | ?????????????????????????????????????????????????? | | ?????????????????????????????????????????????????? | | ?????????????????????????????????????????????????? | | ?????????????????????????????????????????????????? | +----------------------------------------------------+ Best States ------------- Heat Dissipation 162 Energy Generation 105 Energy Capacity 340 Matter Stores 300 Matter Capacity 300 Sight Range 23 Robot Scan Range 18 Terrain Scan Range 16 Terrain Scan Density 10 ECM Strength 3 Jamming Range 16 Cloak Strength 3 Power Amplification 30 Additional Mass Support 16 Armor Coverage 225 Resistance: KI 50 Resistance: TH 50 Resistance: EX 50 Resistance: EM 50 Resistance: I 50 Resistance: S 50 Resistance: P 50 Propulsion Shielding 90 Melee Speed Boost 20 Phase Shifting 15 Evasion (%) 93 Targeting Accuracy 8 Melee Accuracy 12 Launcher Accuracy 30 Target Analysis 8 Core Analysis 8 Armor Integrity Analysis 40 Recoil Reduction 2 Offensive Hacking 41 Defensive Hacking 14 Authchip Count 1 Item Schematics ----------------- None Robot Schematics ------------------ None Fabricated ------------ Nothing Repaired ---------- Nothing Alien Tech Used ----------------- Core Regenerator Integrated Mediator Core Reset Matrix Core Membrane Integrated Dissipator LRC Storage Integrated Reactor LRC Armor Sigix Sheargun Sigix Exoskeleton High-powered Transdimensional Reconstructor Transdimensional Reconstructor Matter Drive Terrabomb Achievements -------------- None Challenges ------------ None Game ------ Seed ChainDeuteriumDoublenader Manual? 0 Play Time 06:20:28 Cumulative 228.3 hours Start 2025.08.02 @ 18:56:49 End 2025.08.03 @ 02:29:46 Sessions 1 Manual Loads 0 Difficulty Rogue Special Mode None Game No. 225 Rogue 225 Adventurer 0 Explorer 0 Win Type 2 Total 6 Types 1/0/3/1/0/0/0/0/0/1 Lore% 74 Gallery% 70 Achievement% 62 Wizard Run 0 Options --------- Layout 1 ASCII 0 Keyboard 1 Movement Numpad Keybinds 0 Fullscreen 1 Font 32/SmallcapsGlow Map View 77x35 Zoom Use 0% Tactical HUD 1 Map Filters NONE Filters NONE Steam 1 RUN: 1982e299-43d7-48c7-a499-b5f00befb236